 Dungeon Crawl Stone Soup version 0.19.5 (webtiles) character file.

37 miragecloak the Cudgeler (level 3, -1/29 HPs)
             Began as a Formicid Abyssal Knight on May 9, 2017.
             Was a Follower of Lugonu.
             Killed from afar by Sigmund (7 damage)
             ... with a magic dart
             ... on level 2 of the Dungeon.
             The game lasted 00:01:00 (971 turns).

miragecloak the Cudgeler (Formicid Abyssal Knight)   Turns: 971, Time: 00:01:01

Health: -1/29      AC:  3    Str: 16    XL:     3   Next: 60%
Magic:  4/4        EV: 11    Int: 16    God:    Lugonu [*.....]
Gold:   118        SH:  0    Dex: 11    Spells: 0 memorised, 2 levels left

rFire  . . .     SeeInvis +     a - +1 mace
rCold  . . .     Gourm    .     b - +0 leather armour
rNeg   . . .     Faith    .     (no shield)
rPois  .         Spirit   .     (helmet unavailable)
rElec  .         Reflect  .     (no cloak)
rCorr  .         Harm     .     (no gloves)
MR     .....                    (no boots)
Stlth  +.........               g - amulet of regeneration
                                (no ring)
                                k - +5 ring of intelligence

@: no status effects
A: permanent stasis, dig shafts and tunnels, four strong arms, antennae 3
a: Dig, Shaft Self, Depart the Abyss, Renounce Religion


You were on level 2 of the Dungeon.
You worshipped Lugonu.
Lugonu was aware of your devotion.
You were not hungry.

You visited 1 branch of the dungeon, and saw 2 of its levels.
You visited the Abyss 1 time.

You collected 118 gold pieces.

Inventory:

Hand Weapons
 a - a +1 mace (weapon)
Armour
 b - a +0 leather armour (worn)
Jewellery
 g - an amulet of regeneration (around neck)
 k - a +5 ring of intelligence (left hand)
Scrolls
 e - 2 scrolls of identify {unknown}
 i - a scroll of remove curse {unknown}
 j - a scroll of noise {unknown}
Comestibles
 c - a bread ration
 d - 2 meat rations
 f - a royal jelly
 h - 4 fruits


   Skills:
 - Level 3.2 Fighting
 + Level 3.7 Maces & Flails
 - Level 2.1 Armour
 - Level 0.8 Dodging
 - Level 2.1 Invocations


You had 2 spell levels left.
You didn't know any spells.

Dungeon Overview and Level Annotations

Branches:
Dungeon (2/15)

Altars:
Nemelex Xobeh

Annotations:
D:2 Sigmund


Innate Abilities, Weirdness & Mutations

You are under a permanent stasis effect.
You can dig through walls and to a lower floor.
Your four strong arms can wield two-handed weapons with a shield.
You have a pair of large antennae on your head. (SInv)


Message History

Sigmund closely misses you.
The gnoll shouts!
You sock the jackal!
You kill the jackal!
Lugonu accepts your kill.
A gnoll comes into view. It is wielding a whip of venom.
Sigmund hits you with a scythe!
You hit Sigmund.
Sigmund is lightly wounded.
The gnoll hits you from afar with a spear.
Sigmund barely misses you.
You sock Sigmund!
Sigmund is moderately wounded.
The gnoll hits you from afar with a spear!
* * * LOW HITPOINT WARNING * * *
The gnoll hits you from afar with a spear.
* * * LOW HITPOINT WARNING * * *
Sigmund gestures at you while chanting. The magic dart hits you!
You die...

#..##......####.# #
#..##..###......####
#......# #........).
#######.##).###..........
.................###....#
##.#..........##.# #.#...
#.....†#.....##.# #.#...
.............^...# #.....
##......@........ ..####
#.#...#@#.##.### #.
......##gg....# . ##<##.
#..g.... #. #. #.......#
# #. #.....#.# ........#
........


You could see Sigmund and 3 gnolls.

Vanquished Creatures
  A giant cockroach (D:1)
  4 goblins (D:1)
  5 hobgoblins
  8 jackals
  4 kobolds (D:1)
  4 bats (D:1)
  2 frilled lizards (D:1)
  3 rats (D:1)
31 creatures vanquished.

Notes
Turn   | Place    | Note
-------+----------+-------------------------------------------
     0 | Abyss:1  | miragecloak the Formicid Abyssal Knight began the quest for the Orb.
     0 | Abyss:1  | Reached XP level 1. HP: 18/18 MP: 2/2
    12 | Abyss:1  | Found a corrupted altar of Lugonu.
    63 | Abyss:1  | Found a corrupted altar of Lugonu.
    97 | Abyss:1  | Found a corrupted altar of Lugonu.
   100 | Abyss:1  | Noticed a red devil
   101 | D:1      | Escaped the Abyss
   174 | D:1      | Reached XP level 2. HP: 20/24 MP: 3/3
   181 | D:1      | Reached * piety under Lugonu
   435 | D:2      | Reached XP level 3. HP: 25/29 MP: 4/4
   817 | D:1      | Found a sparkling altar of Nemelex Xobeh.
   964 | D:2      | Noticed Sigmund
   971 | D:2      | Killed from afar by Sigmund

Skill      XL: |  1  2 |
---------------+-------+-----
Maces & Flails | 3 |  3.7
Fighting       | |  3.2
Armour         | |  2.1
Dodging        | |  0.8
Invocations    | |  2.1

Action                   || total
-------------------------++-------
Melee: Mace              ||    95
Invok: Depart the Abyss  ||     1
Armor: Leather armour    ||    35
Dodge: Dodged            ||    71
